 Dungeon Crawl Stone Soup version 0.28-a0-1033-g1a2f33fa85 (webtiles) character file.

Game seed: 15484449070840374875

1002 olmar the Cudgeller (level 8, -4/48 HPs)
             Began as a Gargoyle Fighter on Dec 7, 2021.
             Was a Plaything of Xom.
             Killed from afar by Dowan (13 damage)
             ... with a stone arrow
             ... on level 5 of the Dungeon on Dec 8, 2021.
             The game lasted 00:09:03 (6277 turns).

olmar the Cudgeller (Gargoyle Fighter)              Turns: 6277, Time: 00:09:03

Health: -4/48      AC: 15    Str: 24 (25) XL:     8   Next: 20%
Magic:  8/8        EV: 10    Int:  9 (10) God:    Xom [.....*]
Gold:   291        SH:  4    Dex:  6 (7)  Spells: 7/7 levels left

rFire   . . .      SeeInvis .   a - +0 flail
rCold   . . .      Faith    .   c - +0 buckler
rNeg    + . .      Spirit   .   u - +2 scale mail "Suv Ulai" {Int+2}
rPois   ∞          Reflect  .   r - +0 helmet
rElec   +          Harm     .   t - +0 cloak
rCorr   .          Rampage  .   (no gloves)
Will    .....                   o - +0 pair of boots
Stlth   ..........              (no amulet)
HPRegen 0.16/turn               (no ring)
MPRegen 0.11/turn               (no ring)

@: invisible, unable to read
A: sickness immunity, AC +5, negative energy resistance 1, electricity
resistance, torment resistance 1, petrification resistance, talons 1, clumsy 1,
deformed body, deterioration 2, mutation resistance 1, screaming 1, strong 1,
inability to read while threatened
a: Renounce Religion


You were on level 5 of the Dungeon.
You worshipped Xom.
You were Xom's teddy bear.
You visited 2 branches of the dungeon, and saw 7 of its levels.

You collected 291 gold pieces.

Inventory:

Hand Weapons
 a - a +0 flail (weapon)
 g - a +0 whip of venom
Armour
 b - a +0 scale mail
 c - a +0 buckler (worn)
 o - a +0 pair of boots (worn)
 r - a +0 helmet (worn)
 t - a +0 cloak (worn)
 u - the +2 scale mail "Suv Ulai" (worn) {Int+2}
   (You found it on level 5 of the Dungeon)

   Int:       It affects your intelligence (+2).
Jewellery
 m - a ring of willpower
Scrolls
 e - a scroll of immolation {unknown}
 f - a scroll of identify
 h - a scroll of amnesia
 i - a scroll of enchant weapon
 l - a scroll of fear
 q - a scroll of holy word
Potions
 d - 2 potions of might
 k - 2 potions of ambrosia
 p - a potion of degeneration


   Skills:
 + Level 4.6 Fighting
 + Level 6.3 Maces & Flails
 + Level 5.7 Armour
 - Level 2.6 Dodging
 - Level 1.0 Stealth
 + Level 4.3 Shields


You had 7 spell levels left.
You didn't know any spells.
Your spell library contained the following spells:

 Spells                   Type           Power      Damage    Failure   Level
 Magic Dart               Conj           0%         1d3       67%         1
 Call Imp                 Summ           0%         N/A       80%         2
 Ensorcelled Hibernation  Hex/Ice        0%         N/A       80%         2
 Mephitic Cloud           Conj/Pois/Air  0%         N/A       95%         3
 Tukima's Dance           Hex            0%         N/A       95%         3


Dungeon Overview and Level Annotations

Branches:
Dungeon (6/15)             Temple (1/1) D:4

Altars:
Dithmenos
Elyvilon
Kikubaaqudgha
Makhleb
Nemelex Xobeh
Okawaru
Qazlal
Ru
Sif Muna
Trog
Uskayaw
Xom
Zin
The Shining One

Shops:
D:2 (

Annotations:
D:5 Dowan


Innate Abilities, Weirdness & Mutations

You are immune to sickness and miasma.
Your stone body is resilient. (AC +5)
You are immune to poison.
You resist negative energy. (rN+)
You are resistant to electric shocks. (rElec)
You are resistant to unholy torment.
You are immune to petrification.
You have sharp toenails.
You are clumsy. (Dex -2)
Armour fits poorly on your strangely shaped body.
Your body often deteriorates upon taking damage.
You are somewhat resistant to further mutation.
You occasionally shout uncontrollably at your foes.
Your muscles are strong. (Str +2)
You sometimes lose the ability to read scrolls when taking damage.


Message History

Dowan gestures wildly while chanting.
Dowan blinks!
Dowan points at you and mumbles some strange words.
The shard of ice misses you.
Unknown command.
Dowan gestures at something while chanting.
Dowan gestures at you while chanting. The stone arrow hits you.
You feel threatened and lose the ability to read scrolls!
* * * LOW HITPOINT WARNING * * *
You closely miss Dowan.
Dowan is severely wounded.
Xom's power touches on you for a moment.
Your body is suffused with distortional energy.
Your toenails lengthen and sharpen.
You feel stronger.
You feel genetically stable. Dowan barely misses you.
You miss Dowan.
Dowan is severely wounded.
Dowan says, "How can I live without her?"
Dowan closely misses you.
Unknown command.
You closely miss Dowan.
Dowan is severely wounded.
Dowan mumbles some strange words.
Dowan blinks!
Unknown command.
Unknown command.
You closely miss Dowan.
Dowan is severely wounded.
Dowan hits you but does no damage. x2
Unknown command.
You catch the helpless Dowan completely off-guard!
You hit Dowan.
Dowan is almost dead.
You can read scrolls again.
Dowan gestures at you while chanting. The stone arrow hits you!
You feel threatened and lose the ability to read scrolls!
You die...

#.# #.# # ##'## #.# #. ##...##
##.## #.##########.....##
##...## #.................##
#..#..#
#[....####.........####.###.####
#.......)'.........'....b#......
#......###.....e...####<...#####
##.#.#.# #.....@..## #..### #
###.# #.#.....## #e##
#.###.###.##...## #O#
#.........###'## #.#
#####.#######.# #b#
####.........##### #.#
#.......####.#...## #.#
#.##..............###.# #
#..#†##............#


You could see Dowan.

Vanquished Creatures
  Duvessa (D:5)
  An ogre (D:4)
  A scorpion (D:4)
  3 hounds
  2 gnoll shamans (D:5)
  4 orc priests (D:5)
  2 iguanas
  4 orc wizards
  2 hound skeletons
  10 gnolls
  6 adders
  2 dart slugs
  6 orcs
  8 bats
  4 endoplasms
  8 giant cockroaches
  5 goblins
  6 hobgoblins
  7 jackals (D:1)
  11 kobolds
  4 quokkas
  3 ball pythons
  7 frilled lizards
  5 rats
112 creatures vanquished.

Vanquished Creatures (collateral kills)
  A phantom (D:4)
1 creature vanquished.

Vanquished Creatures (others)
  An orc wizard (D:5)
1 creature vanquished.

Grand Total: 114 creatures vanquished

Notes
Turn   | Place    | Note
-------+----------+-------------------------------------------
     0 | D:1      | olmar the Gargoyle Fighter began the quest for the Orb.
     0 | D:1      | Reached XP level 1. HP: 14/14 MP: 1/1
    25 | D:1      | Reached XP level 2. HP: 15/19 MP: 2/2
   532 | D:1      | Reached XP level 3. HP: 24/24 MP: 3/3
   902 | D:2      | Reached skill level 3 in Maces & Flails
   902 | D:2      | Reached XP level 4. HP: 29/29 MP: 4/4
   919 | D:2      | Found Mugegoup's Antique Weapon Emporium.
  2409 | D:3      | Found an ancient bone altar of Kikubaaqudgha.
  2632 | D:4      | Noticed a phantom
  2642 | D:5      | Entered Level 5 of the Dungeon
  2643 | D:5      | Identified the +2 scale mail "Suv Ulai" {Int+2}
  2788 | D:5      | Reached XP level 5. HP: 33/33 MP: 5/5
  2865 | D:5      | Reached skill level 4 in Maces & Flails
  2905 | D:5      | Reached skill level 1 in Dodging
  2905 | D:5      | Reached XP level 6. HP: 14/38 MP: 6/6
  3653 | D:5      | Reached XP level 7. HP: 34/43 MP: 7/7
  3840 | D:5      | Noticed Duvessa
  3840 | D:5      | Noticed Dowan
  3871 | D:4      | Reached skill level 5 in Maces & Flails
  3997 | D:4      | Reached skill level 5 in Armour
  4022 | D:4      | Found a staircase to the Ecumenical Temple.
  4037 | Temple   | Entered the Ecumenical Temple
  4127 | Temple   | Became a worshipper of Xom the Begetter of Discontinuities
  4146 | Temple   | XOM: silly message
  4233 | D:4      | XOM: torment (23/43 hp)
  4250 | D:4      | XOM: 2-stop teleportation journey
  4257 | D:4      | XOM: summons 4 hostile demons
  4363 | D:4      | XOM: cast spell 'Summon Horrible Things'
  4635 | D:4      | XOM: butterfly on damage
  4636 | D:4      | XOM: smoke on damage
  4875 | D:4      | XOM: 3-stop teleportation journey
  4919 | D:4      | XOM: smoke on damage
  4932 | D:4      | XOM: confuse monster(s)
  4982 | D:5      | XOM: butterfly on damage
  5205 | D:4      | XOM: scenery: 1 doors close
  5290 | D:4      | XOM: give mutation
  5290 | D:4      | Gained mutation: You are clumsy. (Dex -2) [Xom's mischief]
  5330 | D:4      | XOM: give mutation
  5330 | D:4      | Gained mutation: Armour fits poorly on your strangely
                  | shaped body. [Xom's mischief]
  5332 | D:4      | Reached skill level 6 in Maces & Flails
  5521 | D:4      | XOM: give mutations
  5521 | D:4      | Gained mutation: You occasionally shout uncontrollably at
                  | your foes. [Xom's mischief]
  5521 | D:4      | Gained mutation: Your body sometimes deteriorates upon
                  | taking damage. [Xom's mischief]
  5521 | D:4      | Gained mutation: Your body often deteriorates upon taking
                  | damage. [Xom's mischief]
  5521 | D:4      | Gained mutation: You sometimes lose the ability to read
                  | scrolls when taking damage. [Xom's mischief]
  5809 | D:5      | Reached XP level 8. HP: 27/48 MP: 8/8
  5819 | D:5      | Reached skill level 1 in Stealth
  6238 | D:5      | XOM: confusion (+ monsters)
  6257 | D:5      | Killed Duvessa
  6273 | D:5      | XOM: give mutations
  6273 | D:5      | Gained mutation: You have sharp toenails. [Xom's grace]
  6273 | D:5      | Gained mutation: Your muscles are strong. (Str +2) [Xom's
                  | grace]
  6273 | D:5      | Gained mutation: You are somewhat resistant to further
                  | mutation. [Xom's grace]
  6277 | D:5      | Killed from afar by Dowan

Illustrated notes

Levels and vault maps discovered:
D:1:      co_arrival_square_in_a_square_in_a_square, layout_loops_cross,
          minmay_misc_feat_columns
D:2:      layout_basic, serial_shops, nicolae_shop_behind_doors
D:3:      layout_basic, mainiacjoe_overflow_alcove_4, minivault_5
D:4:      layout_loops_corners, minmay_temple_entry_offerings, minmay_unequal
D:5:      layout_loops_corners, uniq_duvessa
D:6:      layout_loops_ring, fedhas_bush_and_centaur_altar,
          yredelemnul_altar_generic, nicolae_overflow_hidden_temple,
          uniq_grinder
Temple:   dshaligram_water_room_temple

Skill      XL: |  1  2  3  4  5  6  7  8 |
---------------+-------------------------+-----
Maces & Flails | 3 4 6 |  6.3
Armour         | 4 5 |  5.7
Fighting       | 4 |  4.6
Dodging        | 1 2 |  2.6
Shields        | 4 |  4.3
Stealth        | 1 |  1.0

Action                   |  1- 3 |  4- 6 |  7- 9 || total
-------------------------+-------+-------+-------++-------
Melee: Flail             |   104 |   208 |   210 ||   522
  Use: Potion            |       |     5 |     5 ||    10
       Scroll            |       |       |     9 ||     9
 Stab: Confused          |       |       |     1 ||     1
       Invisible         |       |       |     1 ||     1
Armor: Scale mail        |    58 |   152 |    93 ||   303
       Skin              |       |       |    18 ||    18
Dodge: Dodged            |    51 |   103 |   124 ||   278
Block: Buckler           |    17 |    46 |    47 ||   110

Table legend: (Time is in decaauts)
 A = Elapsed time spent in this place.
 B = Non-inter-level travel time spent in this place.
 C = Inter-level travel time spent in this place.
 D = Time resting spent in this place.
 E = Time spent auto-exploring this place.
 F = Levels seen in this place.
 G = Mean time per level.
                   A        B        C        D        E       F      G
               +--------+--------+--------+--------+--------+-----+--------+
         Total |   6380 |   6095 |    285 |    634 |   4189 |   7 |  911.4 |
       Dungeon |   6270 |   6016 |    254 |    634 |   4149 |   6 | 1045.0 |
        Temple |    110 |     79 |     31 |      0 |     40 |   1 |  110.0 |
               +--------+--------+--------+--------+--------+-----+--------+

Top non-repeatable levels by time:
     D:5: 1844 daAuts
     D:4: 1779 daAuts
     D:3: 891 daAuts
     D:2: 875 daAuts
     D:1: 864 daAuts
  Temple: 110 daAuts
     D:6: 14 daAuts
